 Dungeon Sprint DCSS version 0.19.1 (webtiles) character file.

266 KingBobo974 the Grappler (level 6, -10/66 HPs)
             Began as a Troll Monk on Dec 10, 2016.
             Mangled by a slime creature (18 damage)
             ... in the Dungeon (Sprint I: "Red Sonja").
             The game lasted 00:01:42 (77 turns).

KingBobo974 the Grappler (Troll Monk)                 Turns: 77, Time: 00:01:43

Health: -10/66     AC:  5    Str: 22    XL:     6   Next: 0%
Magic:  5/5        EV: 13    Int:  6    God:
Gold:   162        SH:  0    Dex: 12    Spells: 0 memorised, 5 levels left

rFire  . . .     SeeInvis .       - Unarmed
rCold  . . .     Gourm    +     a - +0 robe
rNeg   . . .     Faith    .     (no shield)
rPois  .         Spirit   .     (helmet restricted)
rElec  .         Reflect  .     (no cloak)
rCorr  .         Harm     .     (gloves unavailable)
MR     .....     NoTele   +     (boots unavailable)
Stlth  ++........               (no amulet)
                                (no ring)
                                (no ring)

@: no status effects
A: unfitting armour, claws 3, fast metabolism 3, gourmand, regeneration 1,
shaggy fur 1, tough skin 2
a: no special abilities


You were in the Dungeon.
You were not hungry.

You visited 1 branch You collected 162 gold pieces.

Inventory:

Hand Weapons
 g - a +0 giant spiked club
Armour
 a - a +0 robe (worn)
Scrolls
 h - a scroll of blinking
Potions
 d - a potion of heal wounds
 e - a potion of haste
 f - 2 potions of magic
Comestibles
 b - 2 bread rations
 i - 3 chunks of flesh


   Skills:
 + Level 5.2 Fighting
 * Level 7.0 Dodging
 - Level 1.0 Stealth
 * Level 8.4 Unarmed Combat


You had 5 spell levels left.
You didn't know any spells.

Dungeon Overview and Level Annotations

Branches:
Dungeon (1/1)

Altars:
Makhleb
Xom
Jiyva
Lugonu


Innate Abilities, Weirdness & Mutations

You are too large for most types of armour.
You have claws for hands.
Your metabolism is lightning-fast.
You like to eat raw meat.
Your natural rate of healing is unusually fast.
You are covered in fur. (AC +1)
You have very tough skin. (AC +2)


Message History

The slime creature hits you!
You scratch the slime creature but do no damage.
The slime creature is moderately wounded.
The slime creature hits you!
You claw the slime creature!
The slime creature is severely wounded.
The slime creature hits you!!
* * * LOW HITPOINT WARNING * * *
You claw the slime creature!
The slime creature is severely wounded.
The slime creature hits you!
* * * LOW HITPOINT WARNING * * *
You feel better. The slime creature hits you!
* * * LOW HITPOINT WARNING * * *
You are too injured to fight recklessly!
You are too injured to fight recklessly!
You scratch the slime creature.
The slime creature is severely wounded.
The slime creature hits you!!
You die...

###################
#<.#..'..#..'..#__#
#..'..#..)..#.@J..+
#..#####'#####+#__#
#..# #..# ### #..#
#### #..# #⌠⌠# ####


You could see a slime creature.

Vanquished Creatures
  Sigmund (D)
  An ogre (D)
  Ijyb (D)
3 creatures vanquished.

Notes
Turn   | Place    | Note
-------+----------+-------------------------------------------
     0 | D        | KingBobo974 the Troll Monk began the quest for the Orb.
     0 | D        | Reached XP level 1. HP: 22/22 MP: 0/0
     1 | D        | Noticed Ijyb
    11 | D        | Killed Ijyb
    11 | D        | Reached skill level 4 in Unarmed Combat
    11 | D        | Reached XP level 2. HP: 28/31 MP: 1/1
    15 | D        | Noticed an ogre
    18 | D        | Killed an ogre
    18 | D        | Reached skill level 5 in Dodging
    18 | D        | Reached skill level 6 in Unarmed Combat
    18 | D        | Reached XP level 3. HP: 39/39 MP: 2/2
    18 | D        | Reached XP level 4. HP: 48/48 MP: 3/3
    37 | D        | Noticed Sigmund
    50 | D        | Killed Sigmund
    50 | D        | Reached skill level 5 in Fighting
    50 | D        | Reached skill level 8 in Unarmed Combat
    50 | D        | Reached XP level 5. HP: 46/57 MP: 4/4
    50 | D        | Reached XP level 6. HP: 53/66 MP: 5/5
    68 | D        | Found a burning altar of Makhleb.
    68 | D        | Found a viscous altar of Jiyva.
    68 | D        | Found a shimmering altar of Xom.
    68 | D        | Found a corrupted altar of Lugonu.
    68 | D        | Noticed a slime creature
    77 | D        | Mangled by a slime creature

Skill      XL: |  1  2  3  4 |
---------------+-------------+-----
Fighting       | 3 4 5 |  5.2
Dodging        | 3 5 7 |  7.0
Unarmed Combat | 4 6 8 |  8.4
Stealth        | |  1.0

Action                   |  1- 3 |  4- 6 || total
-------------------------+-------+-------++-------
Melee: Unarmed           |    11 |    11 ||    22
       Punch             |     1 |       ||     1
  Use: Potion            |     1 |     1 ||     2
Armor: Robe              |     1 |     1 ||     2
Dodge: Dodged            |     3 |     2 ||     5
